[Event "Team 45 45 League T97"]
[Site "Internet Chess Club"]
[Date "2023.08.12"]
[Round "1"]
[White "oldprez1"]
[Black "NATYNL09"]
[Result "0-1"]
[WhiteElo "1259"]
[BlackElo "1124"]
[Opening "Réti opening"]
[ECO "A04"]
[Time "21:05:08"]
[PlyCount "98"]
[TimeControl "2700+45"]

1. Nf3 Nc6 2. g3 d5 3. Bg2 e5 4. d3 Bf5 5. O-O Nf6 6. Re1 Bc5 7. Nbd2 O-O 8. e4
dxe4 9. Nh4 Bg4 10. Nhf3 exf3 11. Bxf3 Bxf3 12. Qxf3 Nd4 13. Qd1 Qd5 14. c4 Qc6
15. Rb1 a6 16. b4 Ba7 17. Ba3 Rfe8 18. Ne4 Nxe4 19. Rxe4 b5 20. c5 Qd5 21. Qh5
f5 22. Re3 Nc2 23. Rf3 Nxa3 24. Rb2 g6 25. Rxf5 gxf5 26. Qg5+ Kf7 27. Qxf5+ Ke7
28. Re2 Kd8 29. Qf6+ Kc8 30. Qxa6+ Kd7 31. Qxa3 Bxc5 32. Qb2 Rxa2 33. Qxa2 Qxa2
34. Rxa2 Bxb4 35. Rb2 Bd6 36. Rxb5 c6 37. Ra5 Rb8 38. Ra4 Rb1+ 39. Kg2 Rd1 40.
Rh4 Rxd3 41. Rxh7+ Be7 42. Rh5 Rd5 43. Kf3 c5 44. Ke4 Ke6 45. f4 Rd4+ 46. Ke3
exf4+ 47. gxf4 Kd6 48. Rh6+ Kd7 49. f5 Bg5+ {White resigns} 0-1

[Event "Team 45 45 League T97"]
[Site "Internet Chess Club"]
[Date "2023.08.14"]
[Round "1"]
[White "Lawkeito"]
[Black "ARMAND02019"]
[Result "1-0"]
[WhiteElo "1795"]
[BlackElo "1590"]
[Opening "QGD Slav defense"]
[ECO "D10"]
[Time "22:02:23"]
[PlyCount "56"]
[TimeControl "2700+45"]

1. d4 d5 2. c4 c6 3. Nc3 dxc4 4. e3 b5 5. a4 Qb6 6. axb5 cxb5 7. b3 Bb7 8. bxc4
bxc4 9. Qa4+ Nd7 10. Qxc4 Rc8 11. Qd3 e6 12. Bd2 Ngf6 13. Nf3 Bb4 14. Be2 a5 15.
O-O O-O 16. Na4 Qd6 17. Bxb4 axb4 18. Rfb1 Be4 19. Qb3 Bxb1 20. Rxb1 Rb8 21. Nd2
Rfc8 22. Nc4 Qe7 23. Bf3 Ne8 24. Na5 Qd6 25. Nb7 Qc7 26. Nbc5 Nxc5 27. Nxc5 Qe7
28. Qa4 Qxc5 {Black resigns} 1-0

[Event "Team 45 45 League T97"]
[Site "Internet Chess Club"]
[Date "2023.08.13"]
[Round "1"]
[White "Signofthetimes"]
[Black "manfredo"]
[Result "0-1"]
[WhiteElo "1610"]
[BlackElo "1545"]
[Opening "Four knights: Italian variation"]
[ECO "C55"]
[Time "18:09:56"]
[PlyCount "68"]
[TimeControl "2700+45"]

1. e4 e5 2. Nf3 Nc6 3. Bc4 Nf6 4. Nc3 Nxe4 5. Nxe4 d5 6. Bxd5 Qxd5 7. d3 Bg4 8.
h3 Bh5 9. g4 Bg6 10. Qe2 O-O-O 11. Nc3 Bb4 12. Bd2 Bxc3 13. Bxc3 Nd4 14. Bxd4
exd4 15. Kf1 Rde8 16. Qd1 h5 17. Kg2 f5 18. g5 h4 19. c4 dxc3 20. bxc3 f4 21. d4
Be4 22. Re1 Bxf3+ 23. Qxf3 Qxg5+ 24. Kh2 Qf6 25. Rg1 Rhg8 26. Rg4 g5 27. Rag1
Re7 28. Rxh4 Reg7 29. Rhg4 Qf5 30. a4 Rh7 31. c4 Rgh8 32. R1g2 Rxh3+ 33. Qxh3
Rxh3+ 34. Kxh3 Qh7+ {White resigns} 0-1

[Event "Team 45 45 League T97"]
[Site "Internet Chess Club"]
[Date "2023.08.10"]
[Round "1"]
[White "fvafier"]
[Black "Kingofknights"]
[Result "0-1"]
[WhiteElo "1496"]
[BlackElo "1510"]
[Opening "Queen's pawn game, Darooha variation "]
[ECO "D11"]
[Time "12:00:06"]
[PlyCount "128"]
[TimeControl "2700+45"]

1. d4 Nf6 2. Nf3 d5 3. c4 c6 4. b3 Bf5 5. Bb2 e6 6. Nbd2 Nbd7 7. e3 Bd6 8. Be2
Ne4 9. O-O Qc7 10. c5 Be7 11. b4 Bf6 12. a4 a5 13. b5 Ndxc5 14. Rc1 Nxd2 15.
Nxd2 Ne4 16. Ba3 Be7 17. Bxe7 Kxe7 18. Nb3 Rhc8 19. f3 Nf6 20. bxc6 bxc6 21. Qd2
Nd7 22. e4 dxe4 23. Qg5+ Kf8 24. fxe4 Bxe4 25. Bh5 f6 26. Nc5 Kg8 27. Qe3 Nxc5
28. dxc5 Bd5 29. Be2 Rab8 30. Rf4 Rb3 31. Qf2 Rcb8 32. Qf1 Qe5 33. Re1 Qe3+ 34.
Rf2 Qxc5 35. Rc1 Qe3 36. Bd1 Rb2 37. Rc2 Rxc2 38. Bxc2 Rb2 39. Qd1 c5 40. Bxh7+
Kf8 41. Bc2 Ke7 42. h3 Bb3 43. Kf1 Rxc2 44. Rxc2 Bxc2 45. Qxc2 Qd4 46. Qg6 f5
47. Qg5+ Kd7 48. Qg6 Qf6 49. Qg3 Qa1+ 50. Ke2 Qa2+ 51. Ke1 Qxa4 52. Qxg7+ Kd6
53. Qf8+ Kd5 54. Qd8+ Kc4 55. Qh4+ Kb5 56. Qe7 Qe4+ 57. Kf2 a4 58. Qd7+ Kb4 59.
Qd2+ Kb3 60. Qd1+ Qc2+ 61. Qxc2+ Kxc2 62. h4 a3 63. h5 a2 64. h6 a1=Q {White
resigns} 0-1

[Event "Team 45 45 League T97"]
[Site "Internet Chess Club"]
[Date "2023.08.14"]
[Round "1"]
[White "tightfist"]
[Black "Denis240964"]
[Result "0-1"]
[WhiteElo "1379"]
[BlackElo "1376"]
[Opening "QGD semi-Slav: 5.e3"]
[ECO "D45"]
[Time "18:00:31"]
[PlyCount "146"]
[TimeControl "2700+45"]

1. Nf3 d5 2. c4 c6 3. e3 Nf6 4. d4 e6 5. Nc3 Be7 6. Qc2 Nbd7 7. b3 Nf8 8. Bd3
Ng6 9. O-O O-O 10. Bb2 Ne8 11. e4 dxe4 12. Nxe4 f5 13. Ng3 Nh4 14. Ne5 Bd6 15.
Rfe1 Nf6 16. Rad1 Nd7 17. f4 Nxe5 18. fxe5 Be7 19. Kf1 Ng6 20. Re2 Nf4 21. Rf2
Nxd3 22. Qxd3 f4 23. Ne4 g5 24. Qh3 Kg7 25. Qf3 h6 26. Rdd2 Qe8 27. Nd6 Qg6 28.
Qd3 b6 29. Ba3 Qxd3+ 30. Rxd3 Kg6 31. c5 Bxd6 32. cxd6 Ba6 33. Ke2 Rad8 34. Kd2
Bxd3 35. Kxd3 Rf7 36. Ke4 Rdd7 37. Rc2 g4 38. Bc1 f3 39. gxf3 gxf3 40. Bf4 Rd8
41. Kxf3 c5 42. dxc5 Rdf8 43. Rg2+ Kh7 44. Rg4 bxc5 45. Ke4 h5 46. Rh4 Kg6 47.
Be3 Rf3 48. Bxc5 Kg5 49. d7 Kxh4 50. Be7+ Kh3 51. d8=Q Rxd8 52. Bxd8 Rf2 53. a3
Rxh2 54. Be7 Kg4 55. Bc5 a6 56. a4 h4 57. b4 h3 58. b5 axb5 59. axb5 Rb2 60. Bg1
h2 61. Bxh2 Rxh2 62. Kd4 Kf5 63. b6 Rb2 64. Kc5 Kxe5 65. Kc6 Kf4 66. b7 Rxb7 67.
Kxb7 e5 68. Kc6 e4 69. Kd5 e3 70. Kd4 Kf3 71. Kd3 Kf2 72. Kc2 e2 73. Kd2 e1=Q+
{White resigns} 0-1

[Event "Team 45 45 League T97"]
[Site "Internet Chess Club"]
[Date "2023.08.12"]
[Round "1"]
[White "clarinetref"]
[Black "Portola"]
[Result "1/2-1/2"]
[WhiteElo "1577"]
[BlackElo "1714"]
[Opening "French: exchange variation"]
[ECO "C01"]
[Time "19:08:31"]
[PlyCount "77"]
[TimeControl "2700+45"]

1. e4 e6 2. d4 d5 3. exd5 exd5 4. Bd3 Nf6 5. Ne2 Be7 6. O-O O-O 7. h3 Nbd7 8.
Bf4 c6 9. Nd2 b6 10. c3 Bb7 11. Qc2 h6 12. Bh2 Re8 13. Rfe1 Nf8 14. Ng3 Bd6 15.
Nf3 Qc7 16. Qd2 Rad8 17. Rxe8 Rxe8 18. Re1 Rxe1+ 19. Qxe1 c5 20. Nf5 Bxh2+ 21.
Nxh2 Ne6 22. Nf3 c4 23. Bc2 Kf8 24. Qe5 Qxe5 25. Nxe5 Nd8 26. f3 h5 27. Kf2 a6
28. g4 g6 29. g5 Nh7 30. Nd6 Nxg5 31. h4 Nge6 32. Nxb7 Nxb7 33. Nd7+ Ke7 34.
Nxb6 Nc7 35. Ba4 Nd6 36. Bc6 Ke6 37. Bd7+ Ke7 38. Bc6 Ke6 39. Bd7+ {Game drawn
by mutual agreement} 1/2-1/2

[Event "Team 45 45 League T97"]
[Site "Internet Chess Club"]
[Date "2023.08.13"]
[Round "1"]
[White "rubo"]
[Black "garytd"]
[Result "1/2-1/2"]
[WhiteElo "1470"]
[BlackElo "1495"]
[Opening "Queen's pawn: London system"]
[ECO "A45"]
[Time "18:00:24"]
[PlyCount "126"]
[TimeControl "2700+45"]

1. d4 Nf6 2. Bf4 c5 3. dxc5 Qa5+ 4. c3 Qxc5 5. Nf3 Nc6 6. e3 Nh5 7. Bg3 Nxg3 8.
hxg3 g6 9. Bd3 d6 10. Nbd2 Qb6 11. Qb3 Qxb3 12. axb3 Bg7 13. Ke2 Bg4 14. Nc4 O-O
15. Rh4 h5 16. Kf1 Bf6 17. Rh1 b5 18. Na5 Nxa5 19. Rxa5 a6 20. b4 d5 21. Nh2 Bd1
22. Ke1 Bb3 23. Ke2 e5 24. Rha1 Ba4 25. g4 Bd8 26. R5xa4 bxa4 27. Rxa4 a5 28.
gxh5 gxh5 29. Kd2 d4 30. Nf3 dxe3+ 31. fxe3 Bc7 32. b5 f5 33. Bc4+ Kg7 34. Bd5
Rad8 35. c4 Kf6 36. Kc2 Bb6 37. Nd2 Rd7 38. Nb3 Rc8 39. Kb1 Bxe3 40. Rxa5 Rxd5
41. cxd5 Rc4 42. Ra6+ Kg5 43. Rc6 Rb4 44. Rc3 f4 45. d6 Rxb5 46. Rd3 Rb8 47. d7
Rd8 48. Na5 Bd4 49. Nc6 Rxd7 50. Nxe5 Bxe5 51. Rxd7 f3 52. gxf3 Kg6 53. b4 h4
54. b5 h3 55. b6 h2 56. Rd1 Kf5 57. b7 Kf4 58. Kc2 Kxf3 59. Kd3 Kg2 60. Ke4 Bc7
61. Rd2+ Kg1 62. Rd1+ Kg2 63. Rd2+ Kg1 {Game drawn by mutual agreement} 1/2-1/2

[Event "Team 45 45 League T97"]
[Site "Internet Chess Club"]
[Date "2023.08.13"]
[Round "1"]
[White "DaveTheRook"]
[Black "nosir"]
[Result "1-0"]
[WhiteElo "1490"]
[BlackElo "1433"]
[Opening "King's Indian: Sämisch, 6...Nc6"]
[ECO "E83"]
[Time "14:03:05"]
[PlyCount "93"]
[TimeControl "2700+45"]

1. d4 Nf6 2. c4 g6 3. Nc3 d6 4. e4 Bg7 5. f3 O-O 6. Be3 Nc6 7. Qd2 a6 8. Nge2 e6
9. Nc1 Bd7 10. Be2 Rb8 11. O-O e5 12. d5 Ne7 13. b4 Ne8 14. Nd3 f5 15. Ba7 Ra8
16. Bf2 f4 17. Bd1 Kh8 18. a4 Ng8 19. a5 Bf6 20. Ba4 Ng7 21. Bxd7 Qxd7 22. Qe1
Qe7 23. Rc1 Ne8 24. Kh1 Qg7 25. c5 Qh6 26. cxd6 cxd6 27. Na4 Ng7 28. Nb6 Rae8
29. Nb2 Rd8 30. Rc7 Rb8 31. Qd2 Bd8 32. Rc2 Bxb6 33. axb6 Rfc8 34. Rfc1 Ne7 35.
Rc7 Qg5 36. R1c2 Rd8 37. Qe1 Nc8 38. Bh4 Qh6 39. Bxd8 Nxb6 40. Bf6 Rg8 41. Bxg7+
Rxg7 42. Rxg7 Qxg7 43. Qc3 Qd7 44. Qc7 Qb5 45. Qd8+ Kg7 46. Rc7+ Kh6 47. Qh4#
{Black checkmated} 1-0

[Event "Team 45 45 League T97"]
[Site "Internet Chess Club"]
[Date "2023.08.12"]
[Round "1"]
[White "g8wrb"]
[Black "Electryon"]
[Result "0-1"]
[WhiteElo "1287"]
[BlackElo "1586"]
[Opening "Ponziani: Jaenisch counter-attack"]
[ECO "C20"]
[Time "11:01:49"]
[PlyCount "90"]
[TimeControl "2700+45"]

1. e4 e5 2. c3 Nf6 3. Nf3 Nc6 4. Bb5 Nxe4 5. Qe2 Nf6 6. Bxc6 dxc6 7. Qxe5+ Be7
8. O-O O-O 9. Re1 Re8 10. d4 Bd6 11. Qa5 Rxe1+ 12. Nxe1 Qe7 13. c4 b6 14. Qd2
Ba6 15. b3 Re8 16. Nf3 Bc8 17. h3 Bf5 18. Nc3 Ne4 19. Nxe4 Bxe4 20. Bb2 Bxf3 21.
gxf3 Qh4 22. Kg2 Re6 23. Re1 Rg6+ 24. Kf1 Qxh3+ 25. Ke2 Re6+ 26. Kd3 Qxf3+ 27.
Kc2 Rxe1 28. Qxe1 h6 29. Qe3 Qxe3 30. fxe3 f5 31. Kd1 Kf7 32. Ke2 Kg6 33. Bc1
Kh5 34. Kf3 Kh4 35. Bd2 g5 36. Kg2 Kg4 37. Be1 h5 38. Bd2 h4 39. Be1 h3+ 40. Kh1
Kf3 41. c5 bxc5 42. dxc5 Bxc5 43. Kh2 g4 44. Bg3 Bd6 45. Bxd6 cxd6 {White
resigns} 0-1

[Event "Team 45 45 League T97"]
[Site "Internet Chess Club"]
[Date "2023.08.12"]
[Round "1"]
[White "Pruett1988"]
[Black "cyborg86"]
[Result "1/2-1/2"]
[WhiteElo "1766"]
[BlackElo "2261"]
[Opening "English opening"]
[ECO "A10"]
[Time "22:01:51"]
[PlyCount "90"]
[TimeControl "2700+45"]

1. c4 b6 2. Nf3 Bb7 3. Nc3 e6 4. g3 f5 5. Bg2 Nf6 6. O-O g6 7. d4 Bg7 8. Bg5 h6
9. Bxf6 Qxf6 10. Rc1 O-O 11. e3 d6 12. Re1 Nd7 13. b4 g5 14. Qa4 Qe7 15. Ne5
Nxe5 16. Bxb7 Rab8 17. dxe5 Rxb7 18. Qc6 Rbb8 19. exd6 cxd6 20. Nb5 Be5 21. f4
Rbc8 22. Qg2 Bg7 23. Red1 Rfd8 24. a3 Rd7 25. Kh1 Kh7 26. e4 Rf8 27. exf5 Rxf5
28. Qe4 Kg8 29. Nd4 Rf6 30. fxg5 hxg5 31. Re1 Qf7 32. Kg1 Re7 33. Rcd1 Re8 34.
Qe3 Qh5 35. Rf1 a6 36. Nf3 g4 37. Nd4 Rh6 38. Rf2 Rc8 39. Nxe6 Qe5 40. Qxe5 Bxe5
41. Nd4 Rxc4 42. Nf5 Rf6 43. Ne3 Rxf2 44. Kxf2 Re4 45. Nf5 Rc4 {Game drawn by
mutual agreement} 1/2-1/2

[Event "Team 45 45 League T97"]
[Site "Internet Chess Club"]
[Date "2023.08.09"]
[Round "1"]
[White "timcent"]
[Black "Lawkeito"]
[Result "1-0"]
[WhiteElo "1902"]
[BlackElo "1775"]
[Opening "QGD: Cambridge Springs defense, 7.cd"]
[ECO "D52"]
[Time "19:04:54"]
[PlyCount "35"]
[TimeControl "2700+45"]

1. d4 d5 2. c4 c6 3. Nf3 Nf6 4. Nc3 e6 5. Bg5 Nbd7 6. e3 Qa5 7. cxd5 exd5 8. Bd3
Ne4 9. Qc2 Ndf6 10. Bxf6 Nxf6 11. Ne5 Bd6 12. f4 a6 13. O-O O-O 14. Qf2 c5 15.
Rad1 cxd4 16. exd4 b5 17. Qh4 b4 18. Nc6 {Black resigns} 1-0

[Event "Team 45 45 League T97"]
[Site "Internet Chess Club"]
[Date "2023.08.10"]
[Round "1"]
[White "garytd"]
[Black "Pawnchain"]
[Result "1-0"]
[WhiteElo "1496"]
[BlackElo "1430"]
[Opening "Queen's pawn, Mason variation"]
[ECO "D00"]
[Time "10:00:14"]
[PlyCount "56"]
[TimeControl "2700+45"]

1. d4 d5 2. Bf4 Nf6 3. e3 c5 4. c3 Nc6 5. Bd3 Qb6 6. Qb3 c4 7. Qxb6 axb6 8. Bc2
b5 9. Nd2 b4 10. a3 bxa3 11. bxa3 e6 12. a4 b5 13. Ngf3 b4 14. cxb4 Nxb4 15. Bd1
Nd3+ 16. Ke2 Bb4 17. Ne5 Nxf4+ 18. exf4 c3 19. Nc6 Ba6+ 20. Ke3 Bd6 21. Nb3 Rc8
22. Ne5 O-O 23. Be2 Bxe2 24. Kxe2 Ne4 25. f3 Nf6 26. a5 Bxe5 27. fxe5 Nd7 28.
Kd3 Rb8 {Black resigns} 1-0

[Event "Team 45 45 League T97"]
[Site "Internet Chess Club"]
[Date "2023.08.14"]
[Round "1"]
[White "smsxman"]
[Black "ChessG2011"]
[Result "1/2-1/2"]
[WhiteElo "1431"]
[BlackElo "1415"]
[Opening "King's Indian: fianchetto without c4"]
[ECO "A49"]
[Time "21:00:17"]
[PlyCount "88"]
[TimeControl "2700+45"]

1. Nf3 Nf6 2. d4 g6 3. g3 Bg7 4. Bg2 O-O 5. O-O d5 6. c3 Nbd7 7. Nbd2 Nb6 8. b3
Bf5 9. Re1 Ne4 10. Bb2 Nxd2 11. Qxd2 c6 12. Nh4 Bd7 13. e4 dxe4 14. Bxe4 Be6 15.
Bg2 Bd5 16. Nf3 Qc7 17. c4 Bxf3 18. Bxf3 e6 19. Bg2 Rfd8 20. Rac1 c5 21. d5 Bxb2
22. Qxb2 exd5 23. cxd5 Nxd5 24. Re5 Nb4 25. Rexc5 Qb6 26. Bf1 Nd3 27. Bxd3 Rxd3
28. Qe2 Rad8 29. Rc8 Rxc8 30. Rxc8+ Rd8 31. Rxd8+ Qxd8 32. a4 Qb6 33. Qc4 Kg7
34. b4 Qd8 35. a5 b6 36. a6 Qd7 37. b5 h5 38. Qc6 Qd3 39. Kg2 Qe2 40. Qd7 Qe4+
41. Kg1 Qe1+ 42. Kg2 Qe4+ 43. Kg1 Qe1+ 44. Kg2 Qe4+ {Game drawn by repetition}
1/2-1/2

[Event "Team 45 45 League T97"]
[Site "Internet Chess Club"]
[Date "2023.08.12"]
[Round "1"]
[White "bobhill"]
[Black "pmarcal"]
[Result "0-1"]
[WhiteElo "1809"]
[BlackElo "1711"]
[Opening "Queen's bishop game"]
[ECO "D02"]
[Time "20:12:44"]
[PlyCount "78"]
[TimeControl "2700+45"]

1. d4 d5 2. Nf3 Nf6 3. Bf4 Bf5 4. e3 e6 5. c3 Bd6 6. Bxd6 cxd6 7. Qb3 Qc7 8.
Nbd2 O-O 9. Be2 Nc6 10. O-O Rfc8 11. h3 h6 12. Rac1 a6 13. Nh2 Na5 14. Qd1 Nc4
15. Nxc4 dxc4 16. Re1 d5 17. f3 Qg3 18. Nf1 Qh4 19. g4 Bg6 20. Kg2 Nh7 21. Ng3
Rf8 22. b3 b5 23. bxc4 bxc4 24. f4 Nf6 25. Bf3 Rab8 26. Re2 Rb5 27. Qa4 Rfb8 28.
f5 Bh7 29. fxe6 fxe6 30. Qxa6 R5b6 31. Qa3 Bd3 32. Rf2 Nh7 33. Nh5 Ng5 34. Nf4
Nxf3 35. Rxf3 Be4 36. Rf1 Rb2+ 37. Kg1 Bxf3 38. Rxf3 Qe1+ 39. Rf1 Qg3+ {White
resigns} 0-1

[Event "Team 45 45 League T97"]
[Site "Internet Chess Club"]
[Date "2023.08.13"]
[Round "1"]
[White "magiclydonkey"]
[Black "Beetlejuice"]
[Result "1-0"]
[WhiteElo "1558"]
[BlackElo "1668"]
[Opening "Sicilian: Labourdonnais-Löwenthal (Kalashnikov) variation"]
[ECO "B32"]
[Time "11:06:56"]
[PlyCount "93"]
[TimeControl "2700+45"]

1. e4 c5 2. Nf3 Nc6 3. d4 cxd4 4. Nxd4 e5 5. Nb5 d6 6. N1c3 a6 7. Na3 Be6 8. Nc4
Rb8 9. g3 h5 10. Ne3 h4 11. Bg2 hxg3 12. hxg3 Rxh1+ 13. Bxh1 Nf6 14. Ncd5 Ne7
15. Nxf6+ gxf6 16. Qf3 Nc6 17. c3 b5 18. a3 Na5 19. Ng4 Bg7 20. Bg2 Ke7 21. Bf1
Nb3 22. Rb1 Qc8 23. Be2 b4 24. axb4 Nxc1 25. Rxc1 Rxb4 26. Bxa6 Qc6 27. Bd3 Rxb2
28. Kf1 f5 29. Ne3 fxe4 30. Bxe4 Qc5 31. Nd5+ Kd7 32. Rd1 Ke8 33. Kg1 Rb5 34.
Qe2 Kd7 35. c4 Rb3 36. Kg2 Qa7 37. Qc2 Ra3 38. Rd2 Qc5 39. Bf5 Bh6 40. Re2 Bf8
41. Bxe6+ Kxe6 42. Qe4 Ra4 43. Qg4+ f5 44. Qg6+ Kd7 45. Qf7+ Kc8 46. Qe8+ Kb7
47. Qxa4 {Black resigns} 1-0

[Event "Team 45 45 League T97"]
[Site "Internet Chess Club"]
[Date "2023.08.12"]
[Round "1"]
[White "discipulo"]
[Black "keithuws1"]
[Result "0-1"]
[WhiteElo "1713"]
[BlackElo "1421"]
[Opening "English opening"]
[ECO "A20"]
[Time "08:00:10"]
[PlyCount "84"]
[TimeControl "2700+45"]

1. c4 e5 2. g3 Nf6 3. Bg2 Be7 4. Nc3 O-O 5. e4 d6 6. Nge2 c5 7. O-O Nc6 8. d3 h6
9. h3 Be6 10. Nd5 Bxd5 11. cxd5 Nd4 12. Nxd4 cxd4 13. f4 Qd7 14. g4 Nh7 15. Qb3
Rac8 16. Bd2 Bh4 17. Rac1 Bg3 18. Rf3 Rxc1+ 19. Bxc1 Rc8 20. Bd2 Bh4 21. Rf1 Bg3
22. fxe5 Bxe5 23. Qd1 Qb5 24. Qf3 Rc7 25. Rf2 Qxb2 26. Bxh6 Qb1+ 27. Rf1 Qxa2
28. Bf4 Nf8 29. Bxe5 dxe5 30. Qf5 Ng6 31. d6 Nh4 32. Rf2 Qb1+ 33. Rf1 Nxf5 34.
Rxb1 Nxd6 35. Rb2 b5 36. Kf2 a5 37. Bf1 a4 38. Be2 Rc3 39. Ke1 a3 40. Ra2 b4 41.
Kd2 Nb5 42. Bd1 b3 {White resigns} 0-1

[Event "Team 45 45 League T97"]
[Site "Internet Chess Club"]
[Date "2023.08.11"]
[Round "1"]
[White "iSeba"]
[Black "Goli"]
[Result "1-0"]
[WhiteElo "1954"]
[BlackElo "1784"]
[Opening "Caro-Kann: two knights, 3...Bg4"]
[ECO "B11"]
[Time "15:00:09"]
[PlyCount "87"]
[TimeControl "2700+45"]

1. e4 c6 2. Nc3 d5 3. Nf3 Bg4 4. h3 Bh5 5. g4 Bg6 6. exd5 cxd5 7. h4 h6 8. Ne5
Qd6 9. d4 Qe6 10. Bg2 Nf6 11. Be3 Ne4 12. Nxg6 Nxc3 13. Nxf8 Nxd1 14. Nxe6 Nxe3
15. Nxg7+ Kf8 16. fxe3 Kxg7 17. Bxd5 Nc6 18. Rf1 e6 19. Be4 Rac8 20. O-O-O Rc7
21. c3 b5 22. Rf4 Rhc8 23. Bxc6 Rxc6 24. Kb1 R8c7 25. e4 a5 26. Rf3 Kg6 27. e5
Rc4 28. Kc2 b4 29. Rdd3 a4 30. b3 axb3+ 31. axb3 R4c6 32. c4 Ra6 33. Kd2 Ra2+
34. Ke3 Rca7 35. d5 Rg2 36. d6 Rd7 37. Kd4 Rxg4+ 38. Kc5 Rxh4 39. Kc6 Rd8 40.
Kc7 Rf8 41. d7 Re4 42. Rfe3 Rxe3 43. Rxe3 f5 44. exf6 {Black resigns} 1-0

[Event "Team 45 45 League T97"]
[Site "Internet Chess Club"]
[Date "2023.08.13"]
[Round "1"]
[White "fhunfi"]
[Black "ARMAND02019"]
[Result "1-0"]
[WhiteElo "1721"]
[BlackElo "1598"]
[Opening "Philidor's defense"]
[ECO "C41"]
[Time "18:00:26"]
[PlyCount "27"]
[TimeControl "2700+45"]

1. e4 e5 2. Nf3 d6 3. d4 Bg4 4. dxe5 Bf5 5. exf5 Nc6 6. Bb5 a6 7. Bxc6+ bxc6 8.
O-O d5 9. c4 Bc5 10. cxd5 cxd5 11. Qa4+ Kf8 12. Be3 Be7 13. b4 Nh6 14. Bxh6
{Black resigns} 1-0

[Event "Team 45 45 League T97"]
[Site "Internet Chess Club"]
[Date "2023.08.13"]
[Round "1"]
[White "kabindra"]
[Black "WillC"]
[Result "1-0"]
[WhiteElo "1719"]
[BlackElo "1538"]
[Opening "Sicilian: Grand Prix attack"]
[ECO "B23"]
[Time "17:30:23"]
[PlyCount "55"]
[TimeControl "2700+45"]

1. e4 c5 2. Nc3 Nc6 3. f4 d6 4. Bc4 Nf6 5. d3 Bg4 6. Nge2 e6 7. h3 Bxe2 8. Qxe2
Be7 9. O-O O-O 10. e5 Nd4 11. Qd1 dxe5 12. fxe5 Nd7 13. Bf4 Nb6 14. Ne4 Nxc4 15.
dxc4 Qb6 16. c3 Nc6 17. Rb1 Rad8 18. Qg4 Kh8 19. b3 Rd3 20. Qh5 Qd8 21. Bg5 Bxg5
22. Nxg5 h6 23. Nxf7+ Rxf7 24. Qxf7 Qg5 25. Qxe6 Qe3+ 26. Kh1 Rxc3 27. Rf8+ Kh7
28. Qf5+ {Black resigns} 1-0

[Event "Team 45 45 League T97"]
[Site "Internet Chess Club"]
[Date "2023.08.10"]
[Round "1"]
[White "ChessMaine"]
[Black "isolani"]
[Result "0-1"]
[WhiteElo "1481"]
[BlackElo "1539"]
[Opening "Queen's pawn game"]
[ECO "A45"]
[Time "19:00:44"]
[PlyCount "66"]
[TimeControl "2700+45"]

1. d4 Nf6 2. e3 d6 3. Nf3 Bg4 4. Be2 c6 5. O-O Nbd7 6. c4 e5 7. Nbd2 e4 8. Ng5
Bxe2 9. Qxe2 d5 10. cxd5 cxd5 11. f3 h6 12. Nh3 Bd6 13. fxe4 dxe4 14. Nf2 Qe7
15. Qb5 Rb8 16. Nc4 Bc7 17. Bd2 a6 18. Qb3 Qe6 19. Bb4 Nd5 20. Rac1 Nxb4 21.
Qxb4 b5 22. Nd2 a5 23. Qc3 Rc8 24. Qb3 Qd6 25. g3 f5 26. Nfxe4 fxe4 27. Qf7+ Kd8
28. Qxg7 Re8 29. Rf7 Qe6 30. Nxe4 Bb8 31. Rxc8+ Kxc8 32. Rf4 Bxf4 33. exf4 Qxe4
{White resigns} 0-1

[Event "Team 45 45 League T97"]
[Site "Internet Chess Club"]
[Date "2023.08.13"]
[Round "1"]
[White "primerpaso"]
[Black "LookImYourVader"]
[Result "1/2-1/2"]
[WhiteElo "1750"]
[BlackElo "1759"]
[Opening "English opening"]
[ECO "A10"]
[Time "15:00:32"]
[PlyCount "91"]
[TimeControl "2700+45"]

1. c4 b6 2. Nc3 Bb7 3. Nf3 Nf6 4. e3 e6 5. d4 d5 6. cxd5 exd5 7. Be2 Be7 8. O-O
O-O 9. Rb1 c5 10. a3 Nc6 11. dxc5 bxc5 12. Qa4 Qb6 13. Rd1 Rfd8 14. b4 cxb4 15.
axb4 Rac8 16. b5 Na5 17. Ra1 Rxc3 18. Qxa5 Qxa5 19. Rxa5 Bc5 20. Bb2 Rc2 21.
Bxf6 gxf6 22. Kf1 Rb2 23. Ra4 Rb4 24. Rxb4 Bxb4 25. Nd4 Rc8 26. Bg4 Rc4 27. Ke2
Bc5 28. Kd3 a6 29. Bd7 axb5 30. Nxb5 Rb4 31. Ra1 Rb2 32. Rc1 Bb6 33. Rc2 Rb4 34.
Ra2 Bc5 35. Kc3 Kf8 36. Nd4 Rc4+ 37. Kd3 Ke7 38. Bb5 Rb4 39. Ba6 Bxa6+ 40. Rxa6
Bxd4 41. exd4 Rb2 42. Ke3 Rb3+ 43. Kf4 Rb4 44. Ke3 Rb3+ 45. Kf4 Rb4 46. Ke3
{Game drawn by mutual agreement} 1/2-1/2

[Event "Team 45 45 League T97"]
[Site "Internet Chess Club"]
[Date "2023.08.12"]
[Round "1"]
[White "fishhead"]
[Black "QuieroAprender"]
[Result "1/2-1/2"]
[WhiteElo "1612"]
[BlackElo "1544"]
[Opening "Ruy Lopez: Schliemann defense, Berger variation"]
[ECO "C63"]
[Time "19:37:48"]
[PlyCount "47"]
[TimeControl "2700+45"]

1. e4 e5 2. Nf3 Nc6 3. Bb5 f5 4. Nc3 fxe4 5. Nxe4 d5 6. Nxe5 dxe4 7. Nxc6 bxc6
8. Qh5+ Ke7 9. Bxc6 Rb8 10. Qe5+ Be6 11. O-O Qd6 12. Qxe4 Nf6 13. Qf3 Ng4 14.
Re1 Qxh2+ 15. Kf1 Qh4 16. Rxe6+ Kxe6 17. Qd5+ Kf6 18. Qd4+ Kg6 19. Be4+ Kh5 20.
Qd5+ g5 21. Qf7+ Kh6 22. Qe6+ Kg7 23. Qd7+ Kh6 24. Qe6+ {Game drawn by mutual
agreement} 1/2-1/2

[Event "Team 45 45 League T97"]
[Site "Internet Chess Club"]
[Date "2023.08.13"]
[Round "1"]
[White "vollmerj"]
[Black "fireball"]
[Result "1-0"]
[WhiteElo "1533"]
[BlackElo "1529"]
[Opening "Réti opening"]
[ECO "A04"]
[Time "08:12:07"]
[PlyCount "133"]
[TimeControl "2700+45"]

1. Nf3 g6 2. g3 Bg7 3. Bg2 f5 4. O-O Nf6 5. c3 O-O 6. Qb3+ Kh8 7. d4 d5 8. Ne5
e6 9. Nd2 Nfd7 10. Ndf3 Nxe5 11. Nxe5 Nd7 12. f4 Nxe5 13. fxe5 b6 14. e3 c5 15.
c4 cxd4 16. exd4 dxc4 17. Qxc4 Rb8 18. Bd2 Qe7 19. Bb4 Qd7 20. Bxf8 Bxf8 21.
Rac1 Bb7 22. d5 Bc5+ 23. Kh1 exd5 24. Rfd1 Rd8 25. Qh4 Be7 26. Qd4 Qe6 27. Rc7
Bc5 28. Qf4 Rb8 29. Rxb7 Rxb7 30. Bxd5 Qe7 31. e6 a5 32. Qe5+ Kg8 33. Bxb7 Qxb7+
34. Qd5 Qe7 35. Qd8+ Qxd8 36. Rxd8+ Kg7 37. Rd7+ Kf6 38. Rxh7 Kxe6 39. Kg2 Bd4
40. b3 Kd5 41. Rc7 Ke4 42. h3 Kd3 43. Rc4 b5 44. Rc6 Ke4 45. a4 bxa4 46. bxa4 g5
47. Rc8 Ke5 48. Kf3 Kf6 49. Ra8 Bc3 50. g4 fxg4+ 51. Kxg4 Bd2 52. Ra6+ Ke5 53.
Rg6 Kd4 54. Rxg5 Kc4 55. Rb5 Bb4 56. h4 Kb3 57. h5 Kxa4 58. Rf5 Bd2 59. Rf4+ Kb3
60. h6 a4 61. h7 a3 62. h8=Q Bxf4 63. Kxf4 a2 64. Qa1 Ka3 65. Ke3 Kb3 66. Kd2
Ka3 67. Kc2 {Black resigns} 1-0

[Event "Team 45 45 League T97"]
[Site "Internet Chess Club"]
[Date "2023.08.11"]
[Round "1"]
[White "jfkingiii"]
[Black "Manch"]
[Result "1-0"]
[WhiteElo "1454"]
[BlackElo "1399"]
[Opening "Vienna game"]
[ECO "C25"]
[Time "15:00:13"]
[PlyCount "28"]
[TimeControl "2700+45"]

1. e4 e5 2. Nc3 Bc5 3. Nf3 Nc6 4. Nxe5 Qh4 5. g3 Qf6 6. Nf3 Ne5 7. Bg2 d6 8. d4
Nxf3+ 9. Bxf3 Bxd4 10. Nd5 Qe5 11. Bf4 Bxf2+ 12. Kxf2 Qxb2 13. Nxc7+ Kd8 14.
Qxd6+ Bd7 {Black resigns} 1-0